 Dungeon Crawl Stone Soup version 0.26-a0-597-gb535b0901c (webtiles) character file.

Game seed: 16471749298266055512

(classic levelgen) 6061 EnegeticOcto the Cleaver (level 10, -5/92 HPs)
             Began as a Deep Dwarf Fighter on Sept 2, 2020.
             Was a Priest of Makhleb.
             Slain by a death yak (21 damage)
             ... on level 8 of the Dungeon.
             The game lasted 00:03:22 (4031 turns).

EnegeticOcto the Cleaver (Deep Dwarf Fighter)       Turns: 4031, Time: 00:03:22

Health: -5/92      AC: 17    Str: 22    XL:     10   Next: 57%
Magic:  7/7        EV:  5    Int: 10    God:    Makhleb [***...]
Gold:   358        SH: 12    Dex: 12    Spells: 9/9 levels left

rFire    + . .     SeeInvis .   n - +3 war axe (vorpal)
rCold    x . .     Faith    .   c - +1 kite shield
rNeg     . . .     Spirit   .   l - +0 plate armour
rPois    .         Reflect  .   (no helmet)
rElec    .         Harm     .   e - +2 cloak {MR+}
rCorr    .                      (no gloves)
MR       ++...                  (no boots)
Stlth    ..........             m - amulet of the acrobat
HPRegen  0.00/turn              (no ring)
MPRegen  0.10/turn              k - ring of fire

@: mighty, non-regenerating
A: damage resistance, heal wounds, sense surroundings 2, no regeneration
a: Heal Wounds, Minor Destruction, Lesser Servant of Makhleb, Renounce Religion


You were on level 8 of the Dungeon.
You worshipped Makhleb.
Makhleb was most pleased with you.
You visited 2 branches of the dungeon, and saw 9 of its levels.
You visited the Abyss 2 times.

You collected 358 gold pieces.

Inventory:

Hand Weapons
 n - a +3 vorpal war axe (weapon)
Armour
 c - a +1 kite shield (worn)
 e - a +2 cloak of magic resistance (worn)
 l - a +0 plate armour (worn)
Jewellery
 k - a ring of fire (right hand)
 m - an amulet of the acrobat (around neck)
Scrolls
 a - a scroll of enchant weapon
 g - a scroll of enchant armour
 i - a scroll of teleportation {@r3}
 o - a scroll of immolation {@r4}
 p - a scroll of identify {@r1}
 s - a scroll of magic mapping {unknown}
 t - a scroll of amnesia {unknown}
 u - a scroll of fog {unknown}
 v - a scroll of remove curse {@r2}
Potions
 b - 3 potions of resistance {unknown}
 f - a potion of invisibility
 h - 2 potions of degeneration {unknown}
 j - 2 potions of curing {unknown}
 q - a potion of heal wounds {unknown}
 r - 2 potions of stabbing {unknown}


   Skills:
 + Level 6.6 Fighting
 * Level 10.6 Axes
 + Level 8.1 Armour
 + Level 8.0 Shields
 + Level 7.4 Invocations


You had 9 spell levels left.
You didn't know any spells.
Your spell library was empty.

Dungeon Overview and Level Annotations

Branches:
Dungeon (8/15)             Temple (1/1) D:5            Lair (0/6) D:8

Altars:
Ashenzari
Cheibriados
Dithmenos
Elyvilon
Fedhas
Hepliaklqana
Kikubaaqudgha
Makhleb
Nemelex Xobeh
Qazlal
Trog
Vehumet
Wu Jian
Yredelemnul
Zin


Innate Abilities, Weirdness & Mutations

You are resistant to damage.
You can heal yourself by infusing magical energy.
You passively map the area around you.
You do not regenerate.


Message History

You hit the sky beast but do no damage.
The sky beast is heavily wounded.
The sky beast hits you. The sky beast shocks you.
The orc warrior hits you from afar with a +0 halberd!
You slash the sky beast!
You kill the sky beast!
Makhleb accepts your kill.
You feel better.
Your Shields skill increases to level 8!
You block the orc warrior's attack.
Things that are here:
a +0 giant spiked club; a sky beast corpse; an ogre corpse You closely miss the orc warrior.
You block the orc warrior's attack.
You closely miss the orc warrior.
The orc warrior hits you with a +0 halberd.
You slash the orc warrior!
The orc warrior is heavily wounded.
The orc warrior hits you but does no damage.
You closely miss the orc warrior.
The orc warrior is heavily wounded.
You block the orc warrior's attack.
You slice the orc warrior!!
You kill the orc warrior!
Makhleb accepts your kill.
You feel better.
No target in view!
No target in view!
Things that are here:
a +0 club; a +0 ring mail; a necrophage corpse
Things that are here:
a +0 giant spiked club; a sky beast corpse; an ogre corpse
Things that are here:
a +0 halberd; a +0 chain mail
v - a scroll of remove curse {@r2} No target in view!
No target in view!
No target in view!
No target in view!
No target in view!
No target in view!
No target in view!
No target in view!
Found a hazy altar of Hepliaklqana.
Found a stone staircase leading up.
Found a ring mail. 2 death yaks come into view.
The death yak bellows! x2
Found a black potion.
There are monsters nearby!
There are monsters nearby!
A death yak comes into view.
A worker ant zombie comes into view.
Found a staircase to the Lair.
A leopard gecko and a porcupine come into view.
The death yak bellows!
The leopard gecko hisses angrily.
You hear a deafening roar!
A river rat comes into view.
The death yak gores you! The death yak closely misses you.
A hell rat comes into view.
You hit the death yak.
The death yak is lightly wounded.
You hit the death yak. The death yak barely misses you.
You block the death yak's attack.
You slash the death yak!
The death yak is moderately wounded.
You slash the death yak! You block the death yak's attack.
The death yak gores you!
You hit the death yak.
The death yak is moderately wounded.
You slash the death yak! The death yak gores you. The death yak gores you!
You are too injured to fight recklessly!
You are too injured to fight recklessly!
You are too injured to fight recklessly!
You are too injured to fight recklessly!
You are too injured to fight recklessly!
You are too injured to fight recklessly!
You are too injured to fight recklessly!
You are too injured to fight recklessly!
You are too injured to fight recklessly!
You are too injured to fight recklessly!
You are too injured to fight recklessly!
You are too injured to fight recklessly!
You are too injured to fight recklessly!
You are too injured to fight recklessly!
You are too injured to fight recklessly!
You are too injured to fight recklessly!
You are too injured to fight recklessly!
You fail to use your ability.
The death yak gores you but does no damage.
The death yak gores you!!
* * * LOW HITPOINT WARNING * * *
The death yak snorts and paws the ground.
You feel much better. You block the leopard gecko's attack.
The death yak gores you but does no damage.
You block the leopard gecko's attack.
You fail to use your ability.
The death yak gores you! You block the death yak's attack.
You feel very mighty all of a sudden. The death yak gores you!
* * * LOW HITPOINT WARNING * * *
The death yak gores you!!
You die...

+....$./...#.....,*+#####...#
..........##......#..........
,.............................
...#.........####.####.......
#.......#[##.....##....... ,
#....rrl#.#.......#.......
#......rY.#.......#....... ,
#......ZYY...._.........)) ,*
* *####+####@#.......#.##.###
, ,,........#.......#..#.#.. ,
, ........##.....##....+.. * ,
........####.####....#.. ,
.....................#.. ,
,......<........#.##..#.. * *
, ,..#####################+ *
.. * * , , ,,


You could see 3 death yaks, a hell rat, a porcupine, a river rat, a worker ant
zombie and a leopard gecko.

Vanquished Creatures
  2 large abominations (Abyss:1)
  The ghost of p0werm0de the Chopper, a novice DDFi of Gozag (D:5)
  Psyche (D:8)
  Maggie (D:7)
  2 hippogriffs (D:7)
  4 flying skulls
  4 orc warriors
  2 ice beasts
  2 phantoms
  A sky beast (D:8)
  A black bear (D:7)
  A necrophage (D:8)
  5 ogres
  A centaur (D:7)
  A big kobold (D:7)
  4 bullfrogs
  A wyvern zombie (D:5)
  A scorpion (D:6)
  5 killer bees (D:8)
  2 howler monkeys
  A quasit (D:6)
  9 orc priests
  2 hounds
  5 orc wizards
  An iguana (D:6)
  6 worker ants
  A hound skeleton (D:5)
  A howler monkey zombie (D:6)
  A howler monkey skeleton (D:4)
  4 adders
  2 shadow imps
  2 white imps
  6 ufetubi
  An ooze (D:7)
  2 adder skeletons
  2 adder zombies
  2 worms
  3 leopard geckos (D:7)
  32 orcs
  3 giant cockroaches
  2 goblins
  A hobgoblin (D:1)
  14 jackals
  6 kobolds
  2 quokkas (D:5)
  A ball python (D:5)
  A frilled lizard (D:4)
  3 jackal zombies
  A leopard gecko skeleton (D:4)
  3 quokka skeletons
  3 rats
165 creatures vanquished.

Notes
Turn   | Place    | Note
-------+----------+-------------------------------------------
     0 | D:1      | EnegeticOcto the Deep Dwarf Fighter began the quest for the
                  | Orb.
     0 | D:1      | Reached XP level 1. HP: 20/20 MP: 1/1
   297 | D:3      | Reached XP level 2. HP: 24/27 MP: 2/2
   328 | D:3      | Found a stormy altar of Qazlal.
   539 | D:4      | Reached skill level 3 in Axes
   539 | D:4      | Reached XP level 3. HP: 34/34 MP: 3/3
   658 | D:4      | Reached XP level 4. HP: 37/42 MP: 4/4
   694 | D:4      | Found a shattered altar of Ashenzari.
   694 | D:4      | Noticed an ogre
   704 | D:4      | HP: 2/42 [ogre/+0 giant spiked club (16)]
   707 | D:4      | Killed an ogre
   707 | D:4      | Reached skill level 4 in Axes
   707 | D:4      | Reached XP level 5. HP: 49/49 MP: 5/5
  1314 | D:4      | Noticed an ogre
  1327 | D:4      | Killed an ogre
  1327 | D:4      | Reached XP level 6. HP: 39/57 MP: 6/6
  1330 | D:4      | Reached skill level 5 in Axes
  1416 | D:5      | Entered Level 5 of the Dungeon
  1417 | D:5      | Found a shadowy altar of Dithmenos.
  1443 | D:5      | Found a staircase to the Ecumenical Temple.
  1453 | Temple   | Entered the Ecumenical Temple
  1499 | Temple   | Became a worshipper of Makhleb the Destroyer
  1672 | D:5      | Found a transporter.
  1677 | D:5      | Reached skill level 1 in Invocations
  1677 | D:5      | Reached XP level 7. HP: 38/64 MP: 6/6
  1680 | D:5      | Noticed p0werm0de's ghost (novice DDFi)
  1788 | D:5      | Found a transporter.
  1829 | D:5      | Reached skill level 5 in Armour
  1829 | D:5      | Reached skill level 5 in Shields
  1830 | D:5      | Reached skill level 6 in Axes
  1841 | D:5      | Reached * piety under Makhleb
  2204 | D:5      | Killed p0werm0de's ghost
  2204 | D:5      | Reached XP level 8. HP: 32/73 MP: 6/8
  2328 | D:6      | Reached skill level 7 in Axes
  2526 | D:6      | Reached ** piety under Makhleb
  2533 | D:6      | Reached skill level 5 in Fighting
  2670 | D:6      | Found a sparkling altar of Nemelex Xobeh.
  2819 | D:6      | Found a snail-covered altar of Cheibriados.
  2926 | D:6      | Reached skill level 8 in Axes
  3069 | D:7      | Noticed a hippogriff
  3076 | D:7      | Killed a hippogriff
  3076 | D:7      | Gained mutation: You passively map the area around you.
                  | [Deep Dwarf growth]
  3076 | D:7      | Reached XP level 9. HP: 81/81 MP: 9/9
  3098 | D:7      | Reached skill level 5 in Invocations
  3131 | D:7      | Reached *** piety under Makhleb
  3191 | D:7      | Found a glowing silver altar of Zin.
  3248 | D:7      | Reached skill level 9 in Axes
  3346 | D:7      | Noticed Maggie
  3360 | D:7      | Killed Maggie
  3754 | D:8      | Noticed Psyche
  3778 | D:8      | Cast into level 1 of the Abyss (Psyche)
  3813 | Abyss:1  | Noticed a large abomination
  3841 | Abyss:1  | Killed a large abomination
  3841 | Abyss:1  | Reached XP level 10. HP: 73/91 MP: 9/9
  3848 | Abyss:1  | Reached skill level 10 in Axes
  3851 | Abyss:1  | Noticed a large abomination
  3864 | Abyss:1  | Killed a large abomination
  3866 | D:8      | Escaped the Abyss
  3882 | D:8      | Cast into level 2 of the Abyss (Psyche)
  3910 | D:8      | Escaped the Abyss
  3920 | D:8      | Killed Psyche
  4007 | D:8      | Found a hazy altar of Hepliaklqana.
  4015 | D:8      | Noticed a death yak
  4015 | D:8      | Noticed a death yak
  4017 | D:8      | Found a staircase to the Lair.
  4017 | D:8      | Noticed a death yak
  4031 | D:8      | Slain by a death yak

Illustrated notes

Levels and vault maps discovered:
D:1:      lightli_arrival_statue_moat, layout_basic
D:2:      layout_loops_corners, trog_hazing_becter, uniq_natasha
D:3:      lemuel_upstairs_altar, layout_basic, grunt_qazlal_sundering,
          minmay_misc_feat_cross, minivault_27
D:4:      layout_basic, old_standard_altar
D:5:      layout_gridville, lemuel_crystal_altar,
          minmay_temple_entry_statues_pillars, gammafunk_ghost_mausoleum
D:6:      layout_gridville, lemuel_coloured_pillars_altar, lemuel_doored_altar,
          minmay_bent
D:7:      layout_basic, kennysheep_mini_moat, uniq_maggie
D:8:      layout_gridville, old_standard_altar, grunt_gozag_breadcrumbs,
          dpeg_lair_monsters, gammafunk_ghost_necromancy, uniq_psyche
Temple:   jpeg_temple_alley_garden

Skill      XL: |  1  2  3  4  5  6  7  8  9 10 |
---------------+-------------------------------+-----
Fighting       | 3 4 5 6 |  6.6
Axes           | 3 4 5 6 8 9 10 | 10.6
Armour         | 4 5 6 7 8 |  8.1
Shields        | 4 5 6 7 8 |  8.0
Invocations    | 1 3 4 6 7 |  7.4

Action                   |  1- 3 |  4- 6 |  7- 9 | 10-12 || total
-------------------------+-------+-------+-------+-------++-------
Melee: War axe           |    45 |    93 |   297 |    78 ||   513
 Abil: Heal Wounds       |     1 |    11 |    13 |     8 ||    33
  Use: Scroll            |       |     3 |     4 |       ||     7
       Potion            |       |       |       |     1 ||     1
Armor: Scale mail        |    23 |    45 |    49 |       ||   117
       Plate armour      |       |       |   176 |    88 ||   264
Dodge: Dodged            |    11 |    26 |   114 |    43 ||   194
Block: Kite shield       |    25 |    60 |   248 |   122 ||   455

Table legend: (Time is in decaauts)
 A = Elapsed time spent in this place.
 B = Non-inter-level travel time spent in this place.
 C = Inter-level travel time spent in this place.
 D = Time resting spent in this place.
 E = Time spent auto-exploring this place.
 F = Levels seen in this place.
 G = Mean time per level.
                   A        B        C        D        E       F      G
               +--------+--------+--------+--------+--------+-----+--------+
         Total |   4132 |   3843 |    289 |      0 |   2785 |  11 |  375.6 |
       Dungeon |   3938 |   3678 |    260 |      0 |   2703 |   8 |  492.2 |
        Temple |     75 |     47 |     28 |      0 |     29 |   1 |   75.0 |
         Abyss |    118 |    118 |      0 |      0 |     53 |   2 |   59.0 |
               +--------+--------+--------+--------+--------+-----+--------+

Top non-repeatable levels by time:
     D:4: 973 daAuts
     D:6: 849 daAuts
     D:5: 770 daAuts
     D:7: 649 daAuts
     D:3: 244 daAuts
     D:1: 216 daAuts
     D:8: 212 daAuts
 Abyss:1: 90 daAuts
  Temple: 75 daAuts
 Abyss:2: 27 daAuts
     D:2: 22 daAuts
